 Dungeon Crawl Stone Soup version 0.26.1-11-gd32895ea62 (webtiles) character file.

Game seed: 17116553046961649805

1113 nothank2 the Slasher (level 8, -6/60 HPs)
             Began as a Formicid Fighter on July 14, 2021.
             Killed by nerve-wracking pain
             ... invoked by Grinder
              (10 damage)
             ... on level 5 of the Dungeon.
             The game lasted 00:06:14 (4325 turns).

nothank2 the Slasher (Formicid Fighter)             Turns: 4325, Time: 00:06:15

Health: -6/60      AC:  7    Str: 23    XL:     8   Next: 59%
Magic:  8/8        EV: 13    Int:  8    God:
Gold:   296        SH: 10    Dex: 10    Spells: 7/7 levels left

rFire    + . .     SeeInvis +   a - +0 long sword
rCold    + . .     Faith    .   c - +0 kite shield
rNeg     . . .     Spirit   .   b - +0 scale mail
rPois    .         Reflect  .   (helmet unavailable)
rElec    .         Harm     .   p - scarf {rC+ rF+}
rCorr    .         Rampage  .   (no gloves)
Will     .....                  (no boots)
Stlth    ..........             g - amulet of magic regeneration
HPRegen  0.20/turn              e - +4 ring of evasion
MPRegen  0.36/turn              (no ring)

@: no status effects
A: permanent stasis, dig shafts and tunnels, four strong arms, antennae 3
a: Dig, Shaft Self


You were on level 5 of the Dungeon.
You visited 1 branch of the dungeon, and saw 5 of its levels.

You collected 296 gold pieces.

Inventory:

Hand Weapons
 a - a +0 long sword (weapon)
 u - a +2 dagger of flaming
 y - a +0 mace
Missiles
 k - 21 poisoned darts (quivered)
Armour
 b - a +0 scale mail (worn)
 c - a +0 kite shield (worn)
 p - a scarf of resistance (worn)
Jewellery
 e - a +4 ring of evasion (left hand)
 g - an amulet of magic regeneration (around neck)
 r - an uncursed amulet of faith {unknown}
Wands
 w - a wand of flame (10)
 x - a wand of polymorph (5)
Scrolls
 f - 4 scrolls of magic mapping {unknown}
 h - 5 scrolls of identify {unknown}
 j - 3 scrolls of enchant armour {unknown}
 m - 7 scrolls of remove curse {unknown}
 n - a scroll of enchant weapon {unknown}
 s - a scroll of teleportation {unknown}
 t - a scroll of amnesia {unknown}
Potions
 d - 2 potions of might
 i - 2 potions of curing {unknown}
 l - 3 potions of flight {unknown}
 o - a potion of cancellation {unknown}
 q - 2 potions of haste {unknown}
 v - a potion of heal wounds {unknown}
 z - a potion of attraction {unknown}
 A - a potion of mutation {unknown}
 B - a potion of degeneration {unknown}
 C - a potion of berserk rage {unknown}


   Skills:
 + Level 4.1 Fighting
 * Level 7.2 Long Blades
 + Level 1.5 Throwing
 + Level 4.9 Armour
 + Level 2.0 Dodging
 + Level 0.7 Stealth
 + Level 5.9 Shields


You had 7 spell levels left.
You didn't know any spells.
Your spell library contained the following spells:

 Spells                   Type           Power        Failure   Level
 Corona                   Hex            0%           90%         1
 Ensorcelled Hibernation  Hex/Ice        0%           97%         2
 Confusing Touch          Hex            0%           99%         3
 Dazzling Flash           Conj/Hex       0%           99%         3
 Tukima's Dance           Hex            0%           99%         3


Dungeon Overview and Level Annotations

Branches:
Dungeon (5/15)
 Temple: D:4-7

Altars:
Elyvilon
Hepliaklqana
Zin

Annotations:
D:5 Grinder


Innate Abilities, Weirdness & Mutations

You cannot be hasted, slowed, berserked, paralysed or teleported.
You can dig through walls and to a lower floor.
Your four strong arms can wield two-handed weapons with a shield.
You have a pair of large antennae on your head. (SInv)


Message History

The ball python bites you but does no damage.
* * * LOW HITPOINT WARNING * * *
The ball python constricts you.
You escape the ball python's grasp.
Grinder gestures at you.
You struggle to resist.
You see here 8 gold pieces.
The ball python bites you but does no damage.
You block the ball python's attack.
You completely miss the ball python. The ball python completely misses you.
You block the ball python's attack. The ball python misses you.
The ball python closely misses you.
You slash the ball python!
You kill the ball python!
Grinder gestures at you. You resist with some effort.
You see here 8 gold pieces.
Grinder gestures at you. Pain shoots through your body!
You die...

#. ..##......... #.
#............
#.##............
#......#........
..#.######......#.......#
#....†#.#.)........<...#
### #..#.<..###........
...####$#..÷.####.......
.......@................
.......5................
............##..#.......
.........>..#..##......#
............##.##....###
................###.##
...#............#...#
#...###...##........#
##.. #...##.........


You could see Grinder.

Vanquished Creatures
  Duvessa (D:4)
  Purgy (D:4)
  3 ogres
  A centaur (D:3)
  A big kobold (D:3)
  Dowan (D:4)
  2 scorpions (D:4)
  2 howler monkeys
  2 orc priests (D:4)
  A hound (D:4)
  An iguana (D:4)
  4 gnolls (D:4)
  2 adders
  A shadow imp (D:5)
  A white imp (D:5)
  An ooze (D:1)
  2 worms
  2 dart slugs (D:1)
  A leopard gecko (D:3)
  9 orcs
  2 giant cockroaches
  11 goblins
  5 hobgoblins
  4 jackals (D:3)
  9 kobolds
  2 quokkas
  2 ball pythons
  7 bats
  3 frilled lizards
  6 rats
90 creatures vanquished.

Vanquished Creatures (others)
  A quokka (D:3)
1 creature vanquished.

Grand Total: 91 creatures vanquished

Notes
Turn   | Place    | Note
-------+----------+-------------------------------------------
     0 | D:1      | nothank2 the Formicid Fighter began the quest for the Orb.
     0 | D:1      | Reached XP level 1. HP: 18/18 MP: 1/1
    78 | D:1      | Reached XP level 2. HP: 18/21 MP: 2/2
   456 | D:1      | Reached XP level 3. HP: 29/29 MP: 3/3
  1328 | D:2      | Reached skill level 3 in Long Blades
  1525 | D:2      | Reached XP level 4. HP: 35/35 MP: 4/4
  1909 | D:3      | Found a hazy altar of Hepliaklqana.
  1916 | D:3      | Noticed a big kobold
  1930 | D:3      | Killed a big kobold
  1931 | D:3      | Reached skill level 4 in Long Blades
  1931 | D:3      | Reached skill level 1 in Dodging
  1931 | D:3      | Reached XP level 5. HP: 36/41 MP: 5/5
  2158 | D:3      | Noticed a centaur
  2167 | D:3      | Killed a centaur
  2168 | D:3      | Reached XP level 6. HP: 16/48 MP: 6/6
  2501 | D:3      | Found a white marble altar of Elyvilon.
  2611 | D:4      | Noticed an ogre
  2619 | D:4      | Killed an ogre
  2620 | D:4      | Reached skill level 5 in Long Blades
  2663 | D:4      | Reached XP level 7. HP: 33/53 MP: 7/7
  2900 | D:4      | Noticed Duvessa
  2900 | D:4      | Noticed Dowan
  2917 | D:4      | Killed Duvessa
  2933 | D:4      | Killed Dowan
  2934 | D:4      | Reached skill level 5 in Shields
  3149 | D:4      | Reached skill level 6 in Long Blades
  3323 | D:4      | Reached skill level 1 in Throwing
  3333 | D:4      | Reached XP level 8. HP: 28/60 MP: 8/8
  3838 | D:4      | Found a glowing silver altar of Zin.
  3966 | D:4      | Noticed Purgy
  3976 | D:4      | Killed Purgy
  4105 | D:5      | Entered Level 5 of the Dungeon
  4114 | D:5      | Reached skill level 7 in Long Blades
  4300 | D:5      | Noticed Grinder
  4319 | D:5      | HP: 3/60 [ball python (1)]
  4325 | D:5      | Killed from afar by Grinder

Illustrated notes

Levels and vault maps discovered:
D:1:      heliophobic_arrival_enchanted_forest, layout_basic
D:2:      layout_loops_corners
D:3:      layout_rooms, lemuel_crystal_altar, elyvilon_altar_4
D:4:      layout_loops_cross, lemuel_round_altar, minivault_24, uniq_duvessa,
          uniq_purgy
D:5:      minmay_angry_zag, layout_cave_pools, dancing_weapons_uskayaw,
          uniq_grinder

Skill      XL: |  1  2  3  4  5  6  7  8 |
---------------+-------------------------+-----
Long Blades    | 3 4 5 6 7 |  7.2
Armour         | 4 |  4.9
Dodging        | 1 2 |  2.0
Shields        | 4 5 |  5.9
Fighting       | 4 |  4.1
Throwing       | 1 |  1.5
Stealth        | |  0.7

Action                   |  1- 3 |  4- 6 |  7- 9 || total
-------------------------+-------+-------+-------++-------
Melee: Long sword        |    75 |    86 |   148 ||   309
Throw: Dart              |     3 |     7 |    13 ||    23
Armor: Scale mail        |    27 |    36 |    41 ||   104
Dodge: Dodged            |    41 |    52 |    90 ||   183
Block: Kite shield       |    38 |    52 |    79 ||   169
       Rpst.: Long sword |    18 |    18 |    27 ||    63
